 Dungeon Crawl Stone Soup version 0.30-a0-726-gd89dcf765f (webtiles) character file.

Game seed: 1171233545035263915

11 elagabalus the Covered (level 2, 27/27 HPs)
             Began as an Armataur Fighter on Jan 29, 2023.
             Quit the game on level 1 of the Dungeon.
             The game lasted 00:02:09 (191 turns).

elagabalus the Covered (Armataur Fighter)            Turns: 191, Time: 00:02:10

Health: 27/27      AC:  7    Str: 21    XL:     2   Next: 17%
Magic:  2/2        EV:  7    Int:  8    God:
Gold:   11         SH:  4    Dex:  9    Spells: 1/1 levels left

rFire   . . .      SeeInvis .    a - +0 flail
rCold   . . .      Faith    .    c - +0 buckler
rNeg    . . .      Spirit   .    b - +0 scale mail
rPois   .          Reflect  .    (no helmet)
rElec   .          Harm     .    (no cloak)
rCorr   .          Roll     +    (no gloves)
Will    .....                    (no barding) Stlth
                                 (no amulet)
HPRegen 0.24/turn                (no ring)
MPRegen 0.08/turn                (no ring)

@: no status effects
A: large, rugged brown scales 3, deformed body, armoured tail, roll, long
tongue, awkward tongue
a: no special abilities


You were on level 1 of the Dungeon.
You visited 1 branch of the dungeon, and saw 1 of its levels.

You collected 11 gold pieces.

Inventory:

Hand Weapons
 a - a +0 flail (weapon)
Missiles
 f - 6 boomerangs (quivered)
Armour
 b - a +0 scale mail (worn)
 c - a +0 buckler (worn)
Jewellery
 g - an amulet of faith
Scrolls
 e - a scroll of identify {unknown}
Potions
 d - a potion of might


   Skills:
 - Level 3.0 Fighting
 * Level 1.9 Maces & Flails
 - Level 4.0 Armour
 - Level 3.2 Shields


You had one spell level left.
You didn't know any spells.
Your spell library was empty.

Dungeon Overview and Level Annotations

Branches:
Dungeon (1/15)

Altars:


Innate Abilities, Weirdness & Mutations

You are completely covered in rugged brown scales. (AC +3, +7% HP)
Armour fits poorly on your strangely shaped body.
You have a long armoured tail.
You roll when moving toward enemies. (Rampage)
Your long tongue fully drains potion bottles. (2x potion effects)
Your tongue gives you trouble enunciating. (1.5x scroll delay)


Message History

The spectral hobgoblin is almost destroyed.
The spectral hobgoblin hits you but does no damage.
You hit the spectral hobgoblin but do no damage.
You tail-slap the spectral hobgoblin, but do no damage.
The spectral hobgoblin is almost destroyed.
The spectral hobgoblin hits you but does no damage.
The spectral hobgoblin barely misses you.
You hit the spectral hobgoblin.
You destroy the spectral hobgoblin!
g - an amulet of faith HP restored.
Found a faded altar of an unknown god.
Found 3 javelins.
You open the gate.
There is an open gate here.
There is an open gate here.
You see here 3 javelins.
You enter the shallow water.
A bat comes into view.
You roll towards the bat!
You block the bat's attack.
You roll towards the bat!
You closely miss the bat.
Your tail-slap misses the bat.
The bat closely misses you.
You barely miss the bat. The bat hits you but does no damage.
Found a leather armour.
The bat barely misses you.
You barely miss the bat.
Your tail-slap misses the bat.
The bat hits you but does no damage. x2
The bat hits you but does no damage.
You barely miss the bat.
Your tail-slap misses the bat.
The bat hits you but does no damage.
You miss the bat. The bat closely misses you.
The bat hits you but does no damage. The bat barely misses you. x2
You closely miss the bat. The bat closely misses you.
The bat hits you but does no damage.
You roll towards the bat!
The bat barely misses you. The bat hits you but does no damage.
You closely miss the bat. The bat hits you but does no damage.
The bat barely misses you.
You thump the bat!
You kill the bat!
Are you sure you want to abandon this character and quit the game? (Confirm with "yes".)

...~~#~.~#~# #.# ##..
..(.~.~~8#~# #.##.....
##....~###.# #....#
####~..~~.#######.####
######.........# .
#......#.##...#
#...[.......#
#......#.####
#.....@#.# ########.#
..# ..# ..# .#


There were no monsters in sight!

Vanquished Creatures
  A goblin (D:1)
  4 jackals (D:1)
  A ball python (D:1)
  3 bats (D:1)
  A frilled lizard (D:1)
  A spectral hobgoblin (D:1)
11 creatures vanquished.

Notes
Turn   | Place    | Note
-------+----------+-------------------------------------------
     0 | D:1      | elagabalus the Armataur Fighter began the quest for the
                  | Orb.
     0 | D:1      | Reached XP level 1. HP: 19/19 MP: 1/1
     6 | D:1      | Noticed a komodo dragon
     6 | D:1      | Noticed a redback
     6 | D:1      | Noticed a black bear
     6 | D:1      | Noticed a salamander
    81 | D:1      | Reached skill level 4 in Armour
    85 | D:1      | Reached XP level 2. HP: 23/27 MP: 2/2
   112 | D:1      | Found a faded altar of an unknown god.
   191 | D:1      | Quit the game

Illustrated notes

Levels and vault maps discovered:
D:1:      onia_arrival_zoo_common, layout_rooms, serial_shops, shop,
          dreamdust_ecumenical_altar_drowned_temple

Skill      XL: |  1 |
---------------+----+-----
Armour         | 4 |  4.0
Fighting       | 3 |  3.0
Maces & Flails | |  1.9
Shields        | |  3.2

Action                     || total
---------------------------++-------
  Melee: Flail             ||    37
         Tailslap          ||     6
 Armour: Scale mail        ||    40
  Dodge: Dodged            ||    23
  Block: Buckler           ||    11

Table legend: (Time is in decaauts)
 A = Elapsed time spent in this place.
 B = Non-inter-level travel time spent in this place.
 C = Inter-level travel time spent in this place.
 D = Time resting spent in this place.
 E = Time spent auto-exploring this place.
 F = Levels seen in this place.
 G = Mean time per level.
                   A        B        C        D        E       F      G
               +--------+--------+--------+--------+--------+-----+--------+
         Total |    204 |     78 |    126 |      0 |      0 |   1 |  204.0 |
       Dungeon |    204 |     78 |    126 |      0 |      0 |   1 |  204.0 |
               +--------+--------+--------+--------+--------+-----+--------+

Top non-repeatable levels by time:
     D:1: 204 daAuts
